[Event "Late-Titled-Tuesday-Blitz-May-07-2024"]
[Site "Chess.com"]
[Date "2024.05.07"]
[Round "8"]
[White "ChessLover0108"]
[Black "DeTimmerman"]
[Result "1/2-1/2"]
[WhiteElo "2951"]
[BlackElo "2768"]
[TimeControl "180+1"]
[EndTime "15:30:58 PDT"]
[Termination "Game drawn - insufficient material"]

1. Nf3 Nf6 2. c4 e6 3. g3 d5 4. Bg2 Be7 5. O-O O-O 6. b3 c5 7. Bb2 b6 8. d4 Bb7 9. dxc5 Bxc5 10. Ne5 Qc7 11. Nd3 Be7 12. Nc3 dxc4 13. Nb5 Qd7 14.
Ne5 Qc8 15. Bxb7 Qxb7 16. Nxc4 Nc6 17. e3 Rfd8 18. Qf3 Rac8 19. Bxf6 gxf6 20. Rad1 Qa8 21.
Qh5 Rxd1 22. Rxd1 Rd8 23. Rxd8+ Qxd8 24. Qf3 Qd7 25. h4 f5 26. Kg2 Kg7 27. Nc3 Bf6 28.
Ne2 Nb4 29. Nf4 Ba1 30. a3 Nc6 31. Qh5 Bf6 32. Qe2 Kg8 33. Nd2 Ne7 34. Nf3 Qc6 35. Kg1 Nd5 36. Nh5 Be7 37. Nd4 Qc1+ 38. Kg2 Qxa3 39. Qf3 Qc5 40. g4 Nf6 41. Nxf6+ Bxf6 42. Nc6 a5 43. g5 Bg7 44. Nd8 b5 45. Qa8 Qd5+ 46.
Qxd5 exd5 47. Nc6 a4 48. bxa4 bxa4 49. Ne7+ Kf8 50. Nxd5 a3 51. Nb4 Bc3 52. Na2 Ba5 53. Kf3 Kg7 54. h5 h6 55. Kf4 hxg5+ 56. Kxg5 Be1 57.
f3 Bd2 58. Kxf5 Bxe3 59. Nc3 Bd4 60. Na2 Kh6 61. Kg4 Be3 62. Nc3 Bd2 63. Na2 Be1 64. Nc1 Bc3 65. Na2 Bd2 66. f4 Be1 67. Kf5 Bh4 68.
Kg4 Bf6 69. Nc1 Bb2 70. Na2 Kg7 71. Nb4 Bc3 72. Na2 Bd2 73. Kg5 Kh7 74. Kf6 Bxf4 75.
Kxf7 Kh6 76. Ke6 Kxh5 77. Kd5 Be5 78. Kc4 Bb2 79. Kb3 Kg4 80. Nb4 Kf3 81. Nc2 Ke2 82. Nxa3 1/2-1/2

[Event "Late-Titled-Tuesday-Blitz-May-07-2024"]
[Site "Chess.com"]
[Date "2024.05.07"]
[Round "8"]
[White "Narek_Ghimoyan"]
[Black "andrew-blr"]
[Result "1/2-1/2"]
[WhiteElo "2436"]
[BlackElo "2598"]
[TimeControl "180+1"]
[EndTime "15:31:00 PDT"]
[Termination "Game drawn - insufficient material"]

1. d4 d5 2. c4 e6 3. Nf3 c5 4. cxd5 exd5 5. Nc3 Nc6 6. g3 Nf6 7. Bg2 Be7 8. O-O O-O 9. dxc5 Bxc5 10. a3 Re8 11. b4 Bb6 12. Bb2 Bg4 13. Na4 Ne4 14.
Nxb6 Qxb6 15. Nd4 Bh5 16. Nxc6 bxc6 17. Bd4 Qb5 18. Bf3 Bxf3 19. exf3 Nd6 20. Rc1 Nc4 21.
f4 f6 22. Qg4 Kh8 23. Rfe1 Nxa3 24. Rxe8+ Rxe8 25. Qd7 c5 26. Qxb5 Nxb5 27. Bxc5 Kg8 28.
Ra1 d4 29. Kf1 d3 30. Be3 Rd8 31. Ke1 Rd7 32. Kd2 Kf7 33. Ra5 Rd5 34. Bxa7 Kg6 35. Be3 Kf5 36. f3 h5 37. h3 Ke6 38. g4 g6 39. f5+ gxf5 40. gxh5 Kf7 41. h6 Kg8 42.
Ra8+ Kh7 43. Rb8 f4 44. Rb7+ Kg8 45. Bxf4 Na3 46. Rc7 Nb1+ 47. Kd1 d2 48. b5 Rxb5 49. Be3 Rd5 50. h4 Rd3 51. h7+ Kh8 52. Bxd2 Nxd2 53.
Kc2 Rd8 54. Rf7 Nxf3 55. Rxf6 Nxh4 56. Rh6 Nf5 57. Rf6 Ng7 58. Rf7 Kxh7 59. Ra7 Kg6 60. Ra6+ Kf5 61. Ra5+ Kf6 62. Ra6+ Ne6 63. Kc3 Ke5 64.
Ra5+ Ke4 65. Ra4+ Ke3 66. Rh4 Rc8+ 67. Kb2 Nd4 68. Rh3+ Kd2 69. Rh2+ Kd3 70. Rh3+ Kc4 71. Rc3+ Kb4 72. Rxc8 Nb5 73. Rh8 Nd4 74. Rh5 Kc4 75.
Rg5 Nb5 76. Rg4+ Nd4 77. Kc1 Kd3 78. Kd1 Nf3 79. Rg3 Ke3 80. Rh3 Ke4 81. Ke2 Nd4+ 82.
Kf2 Nf5 83. Rh5 Nd4 84. Rh4+ Kd3 85. Rh3+ Ke4 86. Re3+ Kd5 87. Re8 Nf5 88. Kf3 Nd4+ 89. Ke3 Nf5+ 90. Kd3 Nd6 91. Rd8 Ke5 92. Rd7 Nf5 93.
Ra7 Nd6 94. Ra5+ Kf4 95. Rd5 Nf5 96. Rd8 Ng3 97. Rf8+ Nf5 98. Rf7 Ke5 99. Kc4 Nd6+ 100.
Kc5 Nxf7 1/2-1/2

[Event "Late-Titled-Tuesday-Blitz-May-07-2024"]
[Site "Chess.com"]
[Date "2024.05.07"]
[Round "8"]
[White "baki83"]
[Black "oskariot"]
[Result "1/2-1/2"]
[WhiteElo "2924"]
[BlackElo "2767"]
[TimeControl "180+1"]
[EndTime "15:31:01 PDT"]
[Termination "Game drawn by repetition"]

1. e4 e5 2. Nf3 Nc6 3. Bb5 a6 4. Ba4 Nf6 5. O-O Be7 6. Re1 b5 7. Bb3 d6 8. c3 O-O 9. h3 a5 10. d4 Bd7 11. Nbd2 a4 12. Bc2 Re8 13. Nf1 h6 14. Ng3 Bf8 15. d5 Na5 16. b3 Nxb3 17.
Bxb3 axb3 18. Qxb3 c6 19. dxc6 Bxc6 20. Ba3 Nxe4 21.
Rxe4 Bxe4 22. Nxe4 Rxa3 23. Qxa3 d5 24. Qb2 dxe4 25.
Nd2 f5 26. Nf1 Qd3 27. Rb1 Ra8 28. Qxb5 Qxb5 29. Rxb5 Rxa2 30. Rxe5 g6 31. g4 Bg7 32.
Re6 Kf7 33. Rd6 f4 34. Nd2 Be5 35. Rd5 Ke6 36. c4 e3 37. fxe3 fxe3 38. Nf3 Bg3 39. Rd3 e2 40. Nd4+ Ke5 41. Nxe2 Rxe2 42. Rxg3 Rc2 43. g5 h5 44. Rf3 Rxc4 45. Rf6 Rc3 46. Kh2 Rc2+ 47. Kg3 Rc3+ 48. Kg2 Rc2+ 49. Kf1 Rc1+ 50.
Kf2 Rc2+ 51. Ke1 Rc1+ 52. Kd2 Rg1 53. Rxg6 Kf5 54. Rg8 Rxg5 55. Rh8 Kf4 56. h4 Re5 57. Rg8 Kf3 58. Rg7 Re4 59. Rf7+ Kg3 60. Rg7+ Kxh4 61. Kd3 Re8 62. Kd2 Kh3 63. Rh7 h4 64. Rh6 Kg3 65.
Rg6+ Kf3 66. Rh6 Kg3 67. Rg6+ Kh2 68. Rh6 h3 69. Rg6 Kh1 70. Rg7 h2 71. Rg6 Re7 72.
Rg8 Re5 73. Rg7 Ra5 74. Ke2 Ra1 75. Kf2 Ra2+ 76. Kf1 Ra1+ 77. Kf2 Ra6 78. Rf7 Ra3 79. Rf8 Ra2+ 80. Kf1 Ra1+ 81. Kf2 Rg1 82. Rf7 Rg8 83. Rf6 Rg7 84. Rf5 Rg6 85. Rf4 Rg7 86. Rf6 Ra7 87.
Rf5 Ra2+ 88. Kf1 Ra1+ 89. Kf2 Ra2+ 90. Kf1 Ra1+ 91. Kf2 Ra2+ 1/2-1/2

[Event "Late-Titled-Tuesday-Blitz-May-07-2024"]
[Site "Chess.com"]
[Date "2024.05.07"]
[Round "8"]
[White "FelixBlohberger"]
[Black "Iball95"]
[Result "0-1"]
[WhiteElo "2746"]
[BlackElo "2902"]
[TimeControl "180+1"]
[EndTime "15:31:15 PDT"]
[Termination "Iball95 won on time"]

1. Nf3 d5 2. g3 c5 3. Bg2 Nf6 4. O-O Nc6 5. d4 e6 6. c4 Be7 7. cxd5 exd5 8. Nc3 O-O 9. Bg5 c4 10. e3 Be6 11. Nd2 Rc8 12. a3 a6 13. Bxf6 Bxf6 14. f4 Ne7 15. g4 g6 16. Qf3 Bg7 17. Kh1 b5 18. Qg3 Qd7 19. h3 Rfe8 20. Nf3 f6 21. Nh4 Bf7 22. f5 g5 23. Nf3 Qc7 24. Qxc7 Rxc7 25. Kg1 Bf8 26. Kf2 Rd7 27. h4 gxh4 28. Nxh4 Nc6 29. Rad1 Bh6 30. e4 Kg7 31. Nxd5 Bxd5 32.
exd5 Ne7 33. Rfe1 Red8 34. d6 Nc8 35. Re6 Rxd6 36. Bb7 Kf7 37. Bxc8 Rxd4 38. Rxd4 Rxd4 39. Bxa6 Rxg4 40. Nf3 Bc1 41. Bxb5 Bxb2 42. a4 c3 43.
Rc6 Rb4 44. Ke2 h5 45. Rc7+ Kf8 46. Kd3 h4 47. Rh7 Rg4 48. Rxh4 Rg3 49. Bc6 Ke7 50. Re4+ Kd6 51. Re6+ Kc5 52. Rxf6 c2 53. Kxc2 Bxf6 54.
Be4 Kb4 55. Kd3 Kxa4 56. Ke3 Kb4 57. Kf4 Rg8 58. Bd5 Rd8 59. Be6 Kc5 60. Nh2 Rd4+ 61. Kf3 Bg5 62. Ng4 Rf4+ 63. Kg3 Kd6 64. Nf2 Rd4 65. Ng4 Ke7 66. Kf3 Rf4+ 67. Kg3 Rb4 68. Kf3 Kd6 69. Kg3 Bf4+ 70. Kf3 Ke7 71. Nf2 Kf6 72. Ne4+ Ke5 73. Nf2 Rb3+ 74. Kg4 Rg3+ 75.
Kh5 Rg5+ 76. Kh4 Rg2 77. Ng4+ Kd6 78. Kh3 Rg3+ 79. Kh4 Rg1 80. Kh5 Ke7 81. Nh6 Rg5+ 82. Kh4 Rg1 83. Kh3 Bxh6 0-1

[Event "Late-Titled-Tuesday-Blitz-May-07-2024"]
[Site "Chess.com"]
[Date "2024.05.07"]
[Round "8"]
[White "WPWPWP-2015"]
[Black "Hilary46"]
[Result "1-0"]
[WhiteElo "2447"]
[BlackElo "2686"]
[TimeControl "180+1"]
[EndTime "15:31:21 PDT"]
[Termination "WPWPWP-2015 won by checkmate"]

1. e4 e5 2. Nf3 Nc6 3. Bb5 a6 4. Ba4 Nf6 5. O-O Nxe4 6. d4 b5 7. Bb3 d5 8. dxe5 Be6 9. Be3 Nc5 10. c3 Nxb3 11. axb3 Be7 12. Nbd2 O-O 13. Re1 a5 14. Qe2 Rb8 15. h3 Qd7 16. Nd4 Nxd4 17. cxd4 Ra8 18. Rec1 a4 19. Qd3 a3 20. bxa3 Bxa3 21. Re1 Bb4 22.
Rec1 Bf5 23. Qe2 c6 24. Nf3 h6 25. Rf1 Qb7 26. Qb2 Rxa1 27. Rxa1 Ra8 28. Bd2 Be7 29. b4 Be4 30. Ra5 Bxf3 31. gxf3 Re8 32. Qc2 Bd8 33. Ra3 Qd7 34. f4 Bb6 35. Qd3 g6 36. Ra6 Qb7 37. Ra3 Ra8 38. Be3 Rxa3 39. Qxa3 Qc8 40.
Kg2 Kg7 41. Qc3 Qa8 42. Qc2 Qc8 43. Kg3 Qe6 44. Qd3 Bd8 45. Kg2 Be7 46. Qb1 Kf8 47. Bd2 Ke8 48. Qc2 Qc8 49. Qd3 Kd7 50. Qa3 Ke8 51. Qa2 Qd7 52. Qb1 Kf8 53. Qc2 Kg7 54.
Kg3 h5 55. Kg2 Qe6 56. Qd3 Bf8 57. Qb1 Be7 58. Qa2 Kf8 59. Qa8+ Kg7 60. Qa6 Qd7 61. Qa1 Bd8 62. Qb1 Bb6 63. Qd3 Qa7 64. Be3 Qa2 65.
f5 Qc4 66. f6+ Kf8 67. Qd2 Ke8 68. Kg3 Kd7 69. Kf4 Qf1 70. Kg3 h4+ 71. Kxh4 Qg2 72. Qe2 Bd8 73. Qg4+ Qxg4+ 74. Kxg4 Ke6 75. h4 Bb6 76. f4 Bc7 77. f5+ gxf5+ 78. Kg5 Bb6 79. h5 c5 80. h6 cxd4 81. Bd2 d3 82. h7 Bd4 83. h8=Q Kxe5 84. Qe8+ Kd6 85. Kxf5 Bb2 86. Qe7+ Kc6 87. Qxf7 Kb6 88. Qe6+ Kb7 89. Qe7+ Ka6 90. Qe6+ Kb7 91. Qxd5+ Ka6 92. Qxd3 Bxf6 93. Qd6+ Kb7 94. Kxf6 Ka8 95. Qe7 Kb8 96. Be3 Ka8 97. Qa7# 1-0

[Event "Late-Titled-Tuesday-Blitz-May-07-2024"]
[Site "Chess.com"]
[Date "2024.05.07"]
[Round "8"]
[White "Polish_fighter3000"]
[Black "ContrVersia"]
[Result "0-1"]
[WhiteElo "3104"]
[BlackElo "2916"]
[TimeControl "180+1"]
[EndTime "15:31:35 PDT"]
[Termination "ContrVersia won on time"]

1. e4 e5 2. Bb5 c6 3. Ba4 Na6 4.
c4 Nf6 5. Nc3 Bb4 6. Nf3 O-O 7.
O-O d6 8. Bc2 Nc7 9. h3 Bxc3 10.
bxc3 Qe7 11. Re1 g6 12. d4 c5 13. Bh6 Rd8 14. g4 Nfe8 15. Qd2 Ne6 16. a4 N8g7 17.
a5 Bd7 18. Rab1 Be8 19. d5 Nf8 20. Kg2 Rab8 21. Rb2 Rbc8 22. Reb1 Rc7 23. Nh2 f6 24. Nf1 Rb8 25. Ng3 Bd7 26. f4 exf4 27. Qxf4 g5 28. Qf2 Ng6 29. Bxg7 Qxg7 30. Nh5 Qe7 31. Qxf6 Qe5 32.
Qxe5 Nxe5 33. a6 b6 34. Re1 Rf8 35. Bb1 Nxc4 36. Rf2 Rxf2+ 37. Kxf2 Ne5 38. Ke3 Bb5 39. Ng3 Rf7 40. Nf5 Rf6 41. Bc2 Bd7 42. Ra1 Bxf5 43.
exf5 Rh6 44. Rh1 Nxg4+ 45. Kd2 Ne5 46. Ba4 Rf6 47. Rf1 Kg7 48. Bb5 h5 49. Ke3 Kh6 50.
Ke4 Kg7 51. Be2 Rh6 52. Rg1 Kf6 53. Rg2 Rh8 54. Rh2 Nf7 55. Kd3 h4 56. Kc4 Re8 57. Kb5 Rc8 58. Rf2 Ne5 59. c4 Rf8 60. Rf1 Rh8 61. Rf2 Rc8 62. Rf1 Re8 63. Rf2 Nf7 64. Kc6 Re7 65. Bh5 Ne5+ 66. Kxd6 Nxc4+ 67. Kc6 Ne5+ 68.
Kb5 Rd7 69. Rd2 Kxf5 70. Be8 Rd6 71. Bh5 c4 72. Rd1 Ke4 73. Rg1 c3 74. Kb4 c2 75.
Kc3 Rxd5 76. Kxc2 Rc5+ 77. Kb3 Nf3 78. Rg4+ Ke3 79. Rb4 Nd4+ 80. Kb2 Rc2+ 81. Kb1 Rc3 82. Kb2 Rc2+ 83. Kb1 Rc5 84. Bg4 Kd3 85. Ka2 Kc3 86. Ra4 Rb5 87. Ra3+ Kc2 88. Re3 Rb2+ 89. Ka3 Nb5+ 90.
Ka4 Nc3+ 91. Rxc3+ Kxc3 92. Be6 Rb4+ 93. Ka3 Rd4 94. Ka2 Rd2+ 95. Ka3 Re2 96. Bg4 Re5 97. Ka2 Ra5+ 98. Kb1 Rxa6 99. Bf5 Ra5 100. Bg4 Re5 101. Bd7 b5 102. Ka2 b4 103. Ba4 Ra5 104. Kb1 Rxa4 0-1

[Event "Late-Titled-Tuesday-Blitz-May-07-2024"]
[Site "Chess.com"]
[Date "2024.05.07"]
[Round "8"]
[White "ameetghasi100"]
[Black "wannabe2700"]
[Result "0-1"]
[WhiteElo "2775"]
[BlackElo "2573"]
[TimeControl "180+1"]
[EndTime "15:33:17 PDT"]
[Termination "wannabe2700 won on time"]

1. Nf3 a5 2. d4 Ra6 3. e4 e6 4. Bxa6 Nxa6 5. O-O b6 6. Re1 Bb7 7. c4 Ne7 8. Nc3 Ng6 9. Bg5 Be7 10.
Bd2 O-O 11. a3 f5 12. exf5 Rxf5 13. d5 Nc5 14. Nd4 Rf7 15. Qc2 Bg5 16. b4 axb4 17.
axb4 Na6 18. Ne4 Bxd2 19. Qxd2 exd5 20. cxd5 Nf4 21. d6 c5 22. Nc2 Nxb4 23. Nxb4 cxb4 24. f3 h6 25. Rab1 Nd5 26. Qd4 Qh4 27. Qf2 Qh5 28.
Ng3 Qg6 29. Re8+ Kh7 30. Rbe1 Nf4 31. R8e7 Nd3 32. Qd2 Nxe1 33. Qxe1 Rf6 34. Rxd7 Bc6 35. Re7 b3 36. Qc3 Rxd6 37. Re1 Bd5 38. Ne2 Qf6 39. Qb4 b5 40. Nc3 Bc4 41. Ne4 Qd4+ 42. Kh1 Rg6 43. h3 b2 44. Kh2 Qe5+ 45. Kh1 Bd5 46. Re2 Bxe4 47. Rxe4 Qf6 48. Re1 Rg5 49. Rb1 Qg6 50.
Rxb2 Re5 51. Qd2 Re6 52. Rxb5 Rd6 53. Qe2 Re6 54. Qd2 Rd6 55. Qe1 Re6 56. Qf1 Rd6 57. Rb1 Rf6 58. Rb2 Rf5 59. Rf2 Rf6 60. Qg1 Rf4 61. Rf1 Rf6 62. Re1 Rf5 63. Re4 Rf6 64.
Qe3 Qf5 65. Kh2 Qg6 66. Qd3 Qf7 67. Rg4+ Kh8 68. Qd8+ Kh7 69. Qd3+ Kh8 70. Re4 Qc7+ 71.
Kg1 Rf8 72. Kf2 Qb6+ 73. Kg3 Qf6 74. Kh2 Qg5 75. Qe2 Qf6 76. h4 Qd6+ 77. Kh3 Qf6 78. Qe3 Qf5+ 79. Kh2 Qf6 80. Qe1 Qf5 81. Re5 Qf4+ 82.
Kh3 Qf6 83. Qe2 Qf7 84. Qe4 Qd7+ 85. Kh2 Qf7 86. Re6 Qh5 87. Kg3 Qf7 88. Re5 Qc7 89. f4 Qf7 90. Re6 Qc7 91. Re7 Qd6 92. Re5 Qf6 93.
h5 Qf7 94. Kg4 Qa2 95. g3 Qf7 96. Kh4 Qf6+ 97. Kh3 Qf7 98. Kh2 Qf6 99. Qe2 Qf7 100. Kh3 Qg8 101. Qg4 Qf7 102. Re6 Re8 103. Rd6 Qe7 104. Qg6 Qe1 105. Kh4 Qh1+ 106. Kg4 Qe1 107. Qd3 Qe7 108. Qd5 Qe2+ 109. Qf3 Qe7 110. Qd3 Qe1 111. Kh3 Qh1+ 112. Kg4 Qe1 113. Rd7 Qe6+ 114. Kh4 Qe1 115. Kg4 Qe6+ 116. Qf5 Qe2+ 117. Kh4 Qh2+ 118. Qh3 Qe2 119. Rd5 Qf2 120. Qd7 Qh2+ 121. Qh3 Qe2 122. Rf5 Qf2 123. Re5 Rf8 124. Qe6 Qh2+ 125. Kg4 Qb2 126. Re2 Qb8 127. Qg6 Qd8 128. Re6 Rg8 129. Qc2 Rf8 130. Qe2 Qd7 131. f5 Qf7 132. Qe4 Qd7 133. Re7 Qd6 134. Kh3 Qf6 135. Kg4 Qg5+ 136. Kh3 Qxh5+ 137. Kg2 Qxf5 138. Qd4 Qg5 139. Re5 Qf6 140. Qe4 Qf1+ 141. Kh2 Rf2+ 0-1

[Event "Late-Titled-Tuesday-Blitz-May-07-2024"]
[Site "Chess.com"]
[Date "2024.05.07"]
[Round "9"]
[White "1g60-1"]
[Black "JaackCamel"]
[Result "1-0"]
[WhiteElo "2422"]
[BlackElo "2208"]
[TimeControl "180+1"]
[EndTime "15:43:14 PDT"]
[Termination "1g60-1 won by resignation"]

1. e4 e6 2. d4 d5 3. Nd2 c5 4.
Ngf3 cxd4 5. Nxd4 Nc6 6. Bb5 Bd7 7.
Nxc6 bxc6 8. Bd3 e5 9. O-O Nf6 10. c4 d4 11. h3 Bd6 12. f4 exf4 13. e5 Bxe5 14. Re1 O-O 15. Rxe5 Qc7 16. Nf3 c5 17.
Bxf4 Qb6 18. b3 Rae8 19. Rxe8 Rxe8 20. Qd2 h6 21. Re1 Rxe1+ 22. Qxe1 Be6 23. Qe5 Nd7 24. Qc7 Qa6 25. Qd8+ Nf8 26. Bd6 1-0

[Event "Late-Titled-Tuesday-Blitz-May-07-2024"]
[Site "Chess.com"]
[Date "2024.05.07"]
[Round "9"]
[White "OriTaichman"]
[Black "emeli_chess"]
[Result "1-0"]
[WhiteElo "2621"]
[BlackElo "2450"]
[TimeControl "180+1"]
[EndTime "15:43:26 PDT"]
[Termination "OriTaichman won by checkmate"]

1. e4 e5 2. d4 exd4 3. Qxd4 Nc6 4. Qe3 Nf6 5. Nc3 Bb4 6. Bd2 O-O 7. O-O-O Re8 8. Qg3 Nxe4 9. Nxe4 Rxe4 10. c3 Bf8 11. Bd3 Ra4 12. Nf3 Rxa2 13. Kb1 Ra4 14. Ng5 g6 15. h4 h5 16. Nxf7 Qf6 17. Bxg6 Rg4 18. Bh7+ Kxf7 19. Qd3 d6 20. Qd5+ Kg7 21. Qg8# 1-0

[Event "Late-Titled-Tuesday-Blitz-May-07-2024"]
[Site "Chess.com"]
[Date "2024.05.07"]
[Round "9"]
[White "protectiago"]
[Black "NM_Koval"]
[Result "1-0"]
[WhiteElo "2080"]
[BlackElo "2223"]
[TimeControl "180+1"]
[EndTime "15:43:26 PDT"]
[Termination "protectiago won by resignation"]

1. d4 c5 2. d5 f5 3. g3 g6 4. Bg2 d6 5. Nf3 Bg7 6. O-O b5 7. c4 bxc4 8. Nfd2 Ba6 9. Nxc4 Qc8 10. Qc2 Bxc4 11. Qxc4 Qa6 12. Qc2 Nd7 13. Nc3 Rb8 14.
e4 fxe4 15. Nxe4 h6 16. Re1 Kf7 17. Bh3 Bd4 18. Bxd7 1-0

[Event "Late-Titled-Tuesday-Blitz-May-07-2024"]
[Site "Chess.com"]
[Date "2024.05.07"]
[Round "9"]
[White "Hilary46"]
[Black "jaramsdal"]
[Result "1-0"]
[WhiteElo "2688"]
[BlackElo "2386"]
[TimeControl "180+1"]
[EndTime "15:43:50 PDT"]
[Termination "Hilary46 won by resignation"]

1. e4 c5 2. Nf3 g6 3. d4 cxd4 4. Nxd4 Bg7 5. Nc3 Nc6 6. Be3 Nf6 7. Nxc6 bxc6 8. e5 Ng8 9. Bd4 Nh6 10. e6 Bxd4 11.
Qxd4 O-O 12. exd7 Qxd7 13. Qxd7 Bxd7 14. O-O-O Be6 15. Be2 Rab8 16. Bf3 Rb6 17. Rd4 Nf5 18.
Ra4 Rfb8 19. b3 a6 20. Rd1 Nd6 21. Ne2 Nb5 22. c4 Nc7 23. Nd4 Bd7 24. c5 Rb4 25. Rxb4 Rxb4 26. Kb2 Nd5 27. Nxc6 Bxc6 28. Bxd5 Bxd5 29.
Rxd5 Rb5 30. Kc3 e6 31. Rd8+ Kg7 32. Kc4 Rb7 33. c6 Rc7 34. Kc5 Kf6 35. Kb6 1-0

[Event "Late-Titled-Tuesday-Blitz-May-07-2024"]
[Site "Chess.com"]
[Date "2024.05.07"]
[Round "9"]
[White "cycygogne"]
[Black "simaopdias"]
[Result "1-0"]
[WhiteElo "2180"]
[BlackElo "2282"]
[TimeControl "180+1"]
[EndTime "15:43:59 PDT"]
[Termination "cycygogne won by resignation"]

1. e4 c5 2. Nf3 g6 3. d4 cxd4 4. Nxd4 Nc6 5. Nc3 Bg7 6. Be3 Nf6 7. Nxc6 bxc6 8. e5 Nd5 9. Nxd5 cxd5 10. Qxd5 Rb8 11. Bxa7 Rxb2 12. Bd4 Bb7 13. Qc5 d6 14.
exd6 O-O 15. Bxg7 exd6 16. Qc3 Re8+ 17. Be2 Qb6 18. Qxb2 Rxe2+ 19. Kxe2 Ba6+ 20. Ke1 Qa5+ 21. Bc3 Qd8 22. Kd1 1-0

[Event "Late-Titled-Tuesday-Blitz-May-07-2024"]
[Site "Chess.com"]
[Date "2024.05.07"]
[Round "9"]
[White "Nechitaylo_Nikita"]
[Black "rynos0411"]
[Result "0-1"]
[WhiteElo "2356"]
[BlackElo "2550"]
[TimeControl "180+1"]
[EndTime "15:44:02 PDT"]
[Termination "rynos0411 won on time"]

1. d4 Nf6 2. c4 e6 3. Nc3 Bb4 4. e3 d5 5. Bd2 O-O 6. Rc1 b6 7. Nf3 Bb7 8. cxd5 Nxd5 9. Bd3 c5 10. O-O cxd4 11. Nxd4 Bd6 12. Ncb5 Bc5 13. a3 a6 14. b4 Bxd4 15. Nxd4 Nd7 16. e4 N5f6 17. f3 Ne5 18. Be3 Nxd3 19. Qxd3 e5 0-1

[Event "Late-Titled-Tuesday-Blitz-May-07-2024"]
[Site "Chess.com"]
[Date "2024.05.07"]
[Round "9"]
[White "secretworker2027"]
[Black "Magicmaster17"]
[Result "1-0"]
[WhiteElo "2688"]
[BlackElo "2875"]
[TimeControl "180+1"]
[EndTime "15:44:11 PDT"]
[Termination "secretworker2027 won by resignation"]

1. e4 e5 2. Nf3 Nc6 3. Bb5 Nge7 4. Nc3 Ng6 5. O-O Bc5 6. Nd5 a6 7. Ba4 b5 8. Bb3 Na5 9. d4 Nxb3 10. axb3 exd4 11. Nxd4 c6 12. Ne3 O-O 13. Ndf5 d5 14. b4 Bxb4 15. Qd4 Qf6 16. Qxb4 Re8 17. Nd6 Qe7 18.
exd5 Rd8 19. dxc6 Rxd6 20. c4 Rxc6 21. Qxe7 Nxe7 22. cxb5 Rb6 23. bxa6 Raxa6 24. Rxa6 Bxa6 25. Rd1 f6 26. h3 Kf7 27. Rd7 Ke6 28. Rxe7+ 1-0

[Event "Late-Titled-Tuesday-Blitz-May-07-2024"]
[Site "Chess.com"]
[Date "2024.05.07"]
[Round "9"]
[White "MuhittinBuker"]
[Black "howitzer14"]
[Result "0-1"]
[WhiteElo "2212"]
[BlackElo "3015"]
[TimeControl "180+1"]
[EndTime "15:44:16 PDT"]
[Termination "howitzer14 won by resignation"]

1. d4 Nf6 2. c4 c5 3. d5 b5 4.
cxb5 a6 5. bxa6 g6 6. Nc3 Bg7 7. e4 O-O 8. Nf3 Qa5 9. Bd3 Nxd5 10. exd5 Bxc3+ 11. Kf1 Bg7 12. g3 Nxa6 13. Kg2 Bb7 14. Bc4 Nc7 15. h4 e6 16. d6 Nb5 17. h5 Nd4 18. Be2 Qb6 19. Be3 Nxe2 20. Qxe2 Qxd6 21. g4 Ra4 22. g5 Qd5 23. Rh3 Rg4+ 24. Kf1 Ra8 25.
a3 Ba6 0-1

[Event "Late-Titled-Tuesday-Blitz-May-07-2024"]
[Site "Chess.com"]
[Date "2024.05.07"]
[Round "9"]
[White "CombativeWombat"]
[Black "HajiyevKanan"]
[Result "0-1"]
[WhiteElo "2336"]
[BlackElo "2546"]
[TimeControl "180+1"]
[EndTime "15:44:20 PDT"]
[Termination "HajiyevKanan won by checkmate"]

1. e4 c6 2. Nc3 d5 3. Nf3 a6 4. d4 Bg4 5. e5 e6 6. h3 Bh5 7.
Bd3 c5 8. dxc5 Bxc5 9. Qe2 Nc6 10. Bf4 Nd4 11. Qd1 Nxf3+ 12. gxf3 Qb6 13. Qd2 Bxf2+ 14.
Qxf2 Qxb2 15. Kd2 Rc8 16. Qd4 Ne7 17. Rhb1 Qa3 18. Rxb7 O-O 19. Rab1 Nc6 20. Qa4 Qc5 21. Ne2 Bxf3 22. Be3 d4 23. Nxd4 Nxe5 24. Nxe6 Qc3+ 25. Kc1 Nxd3# 0-1

[Event "Late-Titled-Tuesday-Blitz-May-07-2024"]
[Site "Chess.com"]
[Date "2024.05.07"]
[Round "9"]
[White "shirovin"]
[Black "giomar27"]
[Result "0-1"]
[WhiteElo "2112"]
[BlackElo "2471"]
[TimeControl "180+1"]
[EndTime "15:44:31 PDT"]
[Termination "giomar27 won on time"]

1. e4 e5 2. Nf3 Nf6 3. Bc4 Nc6 4.
d3 h6 5. O-O d6 6. Nbd2 Na5 7.
Bb5+ c6 8. Ba4 b5 9. Bb3 Be7 10. d4 Nxb3 11. axb3 Qc7 12. c3 O-O 13. Re1 Bb7 14.
Nf1 a5 15. Ng3 Rfe8 16. Nf5 Bf8 17. Qd3 d5 18. Nxe5 Nxe4 19. Qf3 Bc8 20. Ng3 Nxg3 21. Bf4 Ne4 22. Qh5 Be6 23. f3 Nf6 24. Qh4 g5 25. Bxg5 hxg5 26. Qxg5+ Bg7 27. Re3 Nh7 28. Qg3 Qd6 29. f4 Bf5 30. Qh4 Qh6 31. Qf2 Nf6 32.
Rg3 Ne4 0-1

[Event "Late-Titled-Tuesday-Blitz-May-07-2024"]
[Site "Chess.com"]
[Date "2024.05.07"]
[Round "9"]
[White "Flaccidmoves"]
[Black "Statham_01"]
[Result "0-1"]
[WhiteElo "2372"]
[BlackElo "2613"]
[TimeControl "180+1"]
[EndTime "15:44:31 PDT"]
[Termination "Statham_01 won by resignation"]

1. Nf3 d6 2. d4 Bd7 3. e4 g6 4.
Bc4 e6 5. Bg5 Ne7 6. Bf6 Rg8 7. Ng5 h6 8. Nh7 c5 9. Bh8 Qa5+ 10. b4 Qxb4+ 11. c3 Qxc4 12. Nf6+ Kd8 13. Nxg8 Nxg8 14. dxc5 Qxe4+ 15. Kf1 Bb5+ 16. Kg1 Bc6 17. Qf1 f6 18. Nd2 Qf5 19. cxd6 Nd7 20. h4 Bxd6 21. Nc4 Bc5 22. Rh3 Kc7 23. Rd1 Ne7 24. Bg7 Nd5 25. Bxh6 g5 26. hxg5 Nf4 27. Rg3 Nh5 28.
Qd3 Nxg3 29. Qxg3+ e5 30. g6 Qh5 31. Be3 Qxd1+ 0-1

[Event "Late-Titled-Tuesday-Blitz-May-07-2024"]
[Site "Chess.com"]
[Date "2024.05.07"]
[Round "9"]
[White "Romadk"]
[Black "brouetoscope"]
[Result "0-1"]
[WhiteElo "2487"]
[BlackElo "2351"]
[TimeControl "180+1"]
[EndTime "15:44:34 PDT"]
[Termination "brouetoscope won by resignation"]

1. d4 Nf6 2. Nf3 e6 3. g3 b6 4. Bg2 Bb7 5. O-O Be7 6. c4 d5 7. Nc3 O-O 8. cxd5 exd5 9. Bf4 a6 10. Ne5 Bd6 11. Qc2 Qe7 12. e4 dxe4 13. Nxe4 Nxe4 14.
Bxe4 Bxe4 15. Qxe4 Nd7 16. Rfe1 Bxe5 17. dxe5 Nc5 18.
Qc4 a5 19. a3 Rfd8 20. Rad1 Rxd1 21. Rxd1 Rd8 22. Rxd8+ Qxd8 23. b4 axb4 24. axb4 Ne6 25.
Be3 Qa8 26. f4 Qf3 27. Bf2 g5 28. fxg5 Nxg5 29. Qh4 Qd1+ 30. Kg2 Qd5+ 31. Kg1 Nf3+ 0-1

[Event "Late-Titled-Tuesday-Blitz-May-07-2024"]
[Site "Chess.com"]
[Date "2024.05.07"]
[Round "9"]
[White "Nicolik"]
[Black "Bryanl106"]
[Result "1-0"]
[WhiteElo "2527"]
[BlackElo "2698"]
[TimeControl "180+1"]
[EndTime "15:44:37 PDT"]
[Termination "Nicolik won by resignation"]

1. d4 Nf6 2. Nc3 d5 3. Bf4 a6 4.
e3 h6 5. a3 e6 6. g4 Nxg4 7. Qxg4 e5 8. Qf3 exf4 9. Nxd5 fxe3 10. fxe3 c6 11. Nc3 Be7 12. O-O-O O-O 13. Bc4 Nd7 14.
Nge2 Nf6 15. Rhg1 Kh8 16. Nf4 Qa5 17. e4 Bg4 18. Rxg4 Nxg4 19. Qxg4 Bxa3 20. Qh3 b5 21. Bb3 Be7 22. Rg1 b4 23. Nce2 Qa1+ 24. Kd2 Qxb2 25.
Qf5 Bf6 26. e5 Bg5 27. Rxg5 hxg5 28. Qh3+ Kg8 29. Ng6 1-0

[Event "Late-Titled-Tuesday-Blitz-May-07-2024"]
[Site "Chess.com"]
[Date "2024.05.07"]
[Round "9"]
[White "Franmu14"]
[Black "cthulhuuu"]
[Result "1-0"]
[WhiteElo "2746"]
[BlackElo "2553"]
[TimeControl "180+1"]
[EndTime "15:44:40 PDT"]
[Termination "Franmu14 won by checkmate"]

1. e4 d6 2. d4 Nf6 3. Nc3 c6 4. f3 b5 5. Be3 e5 6. Qd2 Be7 7. O-O-O Nbd7 8. Kb1 O-O 9. h4 a5 10. h5 b4 11. Na4 d5 12. exd5 Nxd5 13. Bc4 Nxe3 14.
Qxe3 Bg5 15. Qf2 Nb6 16. Nxb6 Qxb6 17. h6 g6 18. Ne2 Re8 19. f4 exf4 20. Nxf4 Qc7 21.
Nd3 Be3 22. Qf6 Bxh6 23. Rxh6 Be6 24. Rxh7 Kxh7 25. Rh1+ Kg8 26. Rh8# 1-0

[Event "Late-Titled-Tuesday-Blitz-May-07-2024"]
[Site "Chess.com"]
[Date "2024.05.07"]
[Round "9"]
[White "banjadvorovi"]
[Black "Olkaa"]
[Result "0-1"]
[WhiteElo "2459"]
[BlackElo "2615"]
[TimeControl "180+1"]
[EndTime "15:44:42 PDT"]
[Termination "Olkaa won by resignation"]

1. e4 c5 2. Nc3 g6 3. g3 Bg7 4. Bg2 Nc6 5. Nge2 d6 6. O-O e6 7. d3 Nge7 8. Be3 O-O 9. d4 b6 10. dxc5 dxc5 11. Qxd8 Rxd8 12. f4 Ba6 13. e5 Rac8 14.
Rfd1 Nf5 15. Kf2 Ncd4 16. Rac1 f6 17. g4 Nxe3 18. Kxe3 fxe5 19. fxe5 Bh6+ 20. Kf2 Bxc1 21. Nxc1 Nxc2 22. Rxd8+ Rxd8 23. Ne4 Kg7 24. Nd6 Rf8+ 25. Kg3 Ne3 26. Bh3 Nc4 0-1